 Dungeon Crawl Stone Soup version 0.22-a0-419-g492bfec (webtiles) character file.

98535 dstrtnsr the Brawler (level 15, 0/228 HPs)
             Began as a Troll Fighter on May 15, 2018.
             Was the Champion of Makhleb.
             Slain by a naga sharpshooter
             ... wielding a +0 dire flail
              (2 damage)
             ... on level 1 of the Snake Pit.
             The game lasted 00:20:30 (18453 turns).

dstrtnsr the Brawler (Troll Fighter)               Turns: 18453, Time: 00:20:31

Health: 0/228      AC:  7    Str: 38    XL:     15   Next: 75%
Magic:  0/23       EV:  5    Int:  4    God:    Makhleb [******]
Gold:   1385       SH: 23    Dex:  9    Spells: 14/14 levels left

rFire    + . .     SeeInvis .     - Unarmed
rCold    + + .     Gourm    +   r - +3 large shield
rNeg     + . .     Faith    +   L - +0 troll leather armour
rPois    .         Spirit   .   (helmet restricted)
rElec    .         Reflect  .   d - scarf {rC+ rF+}
rCorr    .         Harm     .   (gloves unavailable)
MR       +....                  (boots unavailable)
Stlth    ..........             K - amulet of faith
HPRegen  1.28/turn              k - ring of positive energy
MPRegen  0.18/turn              c - ring of protection from cold

@: berserking, lethally poisoned (0 -> 0), hasted, constricted, very quick
A: large, unfitting armour, claws 3, fast metabolism 3, gourmand, regeneration
1, shaggy fur 1, tough skin 2
a: Minor Destruction, Lesser Servant of Makhleb, Major Destruction, Greater
Servant of Makhleb, Renounce Religion


You were on level 1 of the Snake Pit.
You worshipped Makhleb.
Makhleb was exalted by your worship.
You were full.

You visited 3 branches of the dungeon, and saw 22 of its levels.

You collected 1385 gold pieces.

Inventory:

Armour
 d - a scarf of resistance (worn)
 r - a +3 large shield (worn)
 L - a +0 troll leather armour (worn)
Jewellery
 c - a ring of protection from cold (right claw)
 k - a ring of positive energy (left claw)
 G - an uncursed ring of fire
 K - an amulet of faith (around neck)
Wands
 h - a wand of clouds (3)
 D - a wand of disintegration (23)
 I - a wand of iceblast (11)
 M - a wand of polymorph (20)
 P - a wand of paralysis (16)
Scrolls
 a - a scroll of enchant armour
 f - 5 scrolls of fog
 g - 15 scrolls of teleportation {!d}
 n - 8 scrolls of remove curse {@r2}
 p - 2 scrolls of blinking
 s - 5 scrolls of magic mapping
 t - 4 scrolls of enchant weapon
 y - 2 scrolls of vulnerability
 A - a scroll of identify {@r1}
 C - 2 scrolls of immolation
 E - 4 scrolls of fear
 F - a scroll of holy word
Potions
 b - 6 potions of heal wounds
 i - a potion of mutation
 j - 3 potions of haste
 o - a potion of magic
 q - 4 potions of agility
 u - 4 potions of curing {@q1}
 v - a potion of resistance
 w - 2 potions of flight
 x - 4 potions of brilliance
 z - a potion of cancellation
 B - a potion of lignification
 H - 2 potions of might
Miscellaneous
 J - a lamp of fire
 N - a box of beasts
Comestibles
 e - 38 rations {!d}


   Skills:
 + Level 10.5 Fighting
 - Level 2.4 Dodging
 + Level 10.4 Shields
 * Level 16.9 Unarmed Combat
 * Level 12.8 Invocations


You had 14 spell levels left.
You didn't know any spells.
Your spell library was empty.

Dungeon Overview and Level Annotations

Branches:
Dungeon (15/15)            Temple (0/1) D:7            Lair (6/6) D:9
 Shoals (0/4) Lair:4        Snake (1/4) Lair:4        Slime (0/5) Lair:6
    Orc (0/2) D:10         Vaults (0/5) D:13         Depths (0/5) D:15

Altars:
Dithmenos
Elyvilon
Gozag
Makhleb
Qazlal
Ru
Uskayaw
Xom
Zin
Jiyva

Annotations:
D:6 exclusion: oklob plant
D:8 exclusion: 2 doors
Lair:3 exclusion: oklob plant
Lair:6 1 runed door


Innate Abilities, Weirdness & Mutations

You are too large for most types of armour.
You have claws for hands.
Your metabolism is lightning-fast.
You like to eat raw meat.
Your natural rate of healing is unusually fast.
You are covered in fur. (AC +1)
You have very tough skin. (AC +2)


Message History

* * * LOW HITPOINT WARNING * * *
You are poisoned.
The black mamba poisons you!
Your blizzard demon hits the naga ritualist!
Your blizzard demon closely misses the naga ritualist.
The naga sharpshooter unwields an uncursed longbow.
The naga sharpshooter wields an uncursed dire flail.
You block the naga sharpshooter's attack.
The naga sharpshooter grabs you.
* * * LOW HITPOINT WARNING * * *
The naga sharpshooter constricts you. You block the mana viper's attack.
The naga warrior hits your cacodemon with a dire flail!!
The naga warrior grabs your cacodemon.
The naga warrior constricts your cacodemon.
The naga sharpshooter casts a spell.
The naga sharpshooter magically shoots a bolt.
The bolt hits you!
* * * LOW HITPOINT WARNING * * *
You feel much better.
You feel sick. You block the black mamba's attack.
The anaconda grabs your blizzard demon. The anaconda bites your blizzard demon!
The anaconda constricts your blizzard demon.
The mana viper bites you but does no damage.
Your blizzard demon hits the naga ritualist but does no damage.
Your blizzard demon hits the naga ritualist.
The naga sharpshooter gestures wildly while chanting.
The naga sharpshooter magically shoots a bolt.
You block the bolt. The black mamba bites you.
* * * LOW HITPOINT WARNING * * *
The naga warrior hits your cacodemon with a dire flail!
The naga warrior constricts your cacodemon.
A red film seems to cover your vision as you go berserk!
You feel yourself moving faster!
You feel mighty!
You feel sick. The anaconda bites your blizzard demon.
The anaconda constricts your blizzard demon.
The naga sharpshooter barely misses you.
* * * LOW HITPOINT WARNING * * *
The naga sharpshooter constricts you. You block the mana viper's attack.
Your cacodemon hits the naga warrior but does no damage.
Your cacodemon hits the naga warrior!
The anaconda bites your blizzard demon!!
Your blizzard demon dies!
The naga ritualist hits your cacodemon with a scimitar of venom!
You scratch the naga sharpshooter.
The naga sharpshooter is lightly wounded.
The naga sharpshooter shoots a bolt.
You block the bolt.
The naga warrior hits your cacodemon with a dire flail!
The naga warrior constricts your cacodemon.
The mana viper bites you.
* * * LOW HITPOINT WARNING * * *
You feel your power leaking away.
You block the naga sharpshooter's attack.
* * * LOW HITPOINT WARNING * * *
The naga sharpshooter constricts you.
You claw the naga sharpshooter!
The naga sharpshooter is lightly wounded.
You feel sick.
Your cacodemon closely misses the naga warrior.
Your cacodemon hits the naga warrior but does no damage.
You block the mana viper's attack.
You mangle the naga sharpshooter!!
The naga sharpshooter is heavily wounded.
The anaconda bites your cacodemon but does no damage.
The mana viper bites you!
* * * LOW HITPOINT WARNING * * *
The naga ritualist hits your cacodemon with a scimitar of venom!
You closely miss the naga sharpshooter.
The naga sharpshooter is lightly wounded.
You feel sick.
The anaconda bites your cacodemon but does no damage.
The naga warrior hits your cacodemon with a dire flail!!
Your cacodemon dies!
You block the mana viper's attack.
The naga sharpshooter spits poison at you.
The splash of poison hits you!
You are more poisoned.
* * * LOW HITPOINT WARNING * * *
The naga sharpshooter hits you with an uncursed dire flail.
* * * LOW HITPOINT WARNING * * *
x2 The naga sharpshooter constricts you.
You block the mana viper's attack.
You claw the naga sharpshooter!
The naga sharpshooter is moderately wounded.
The mana viper barely misses you.
You barely miss the naga sharpshooter.
The naga sharpshooter is moderately wounded.
You feel sick. You block the mana viper's attack.
The naga sharpshooter shoots a bolt.
You block the bolt.
The naga sharpshooter spits poison at you.
The splash of poison misses you.
* * * LOW HITPOINT WARNING * * *
The naga sharpshooter constricts you.
You mangle the naga sharpshooter!!
The naga sharpshooter is heavily wounded.
You feel sick. You block the mana viper's attack.
You block the anaconda's attack. The mana viper bites you!
* * * LOW HITPOINT WARNING * * *
You mangle the naga sharpshooter!!
The naga sharpshooter is almost dead.
You feel sick.
You block the naga sharpshooter's attack.
You die...

##### .....
##...##......
...........#
###.......#..
#^.N.....$..
.####.@N#....# .
......SSSS..).#....
##...†.NN..........
.........(#...)....
..................>
...................
............####...
#$#.....#..## #.
#.........


You could see a naga warrior, 2 naga sharpshooters, an anaconda, a naga
ritualist, 2 mana vipers and a black mamba.

Vanquished Creatures
  A dire elephant (Lair:6)
  3 catoblepae (Lair:6)
  2 centaur warriors
  4 death yaks (Lair:6)
  An ogre mage (D:15)
  12 two-headed ogres
  2 death knights
  A tengu warrior (D:15)
  The ghost of nikopol the Thaumaturge, a journeyman DEFE of Vehumet (Lair:3)
  A deep troll shaman (Lair:6)
  7 skeletal warriors (D:14)
  The ghost of KlownO the Geomancer, a novice GrEE (D:8)
  An unseen horror (D:11)
  A necromancer (D:13)
  A wolf spider zombie (D:14)
  3 mana vipers (Snake:1)
  A manticore (D:13)
  An orc sorcerer (D:15)
  2 deep elf magi (D:15)
  3 cyclopes
  17 ugly things
  3 elephants
  4 black mambas
  A naga mage (D:15)
  2 centaur skeletons
  3 gargoyles
  A kobold demonologist (D:15)
  12 spiny frogs
  3 rime drakes
  A freezing wraith (D:13)
  A spiny frog (shapeshifter) (D:13)
  7 komodo dragons
  4 trolls
  3 polar bears
  18 blink frogs
  A tengu conjurer (D:15)
  2 dream sheep (D:8)
  14 hippogriffs
  A meliai zombie (D:15)
  A snapping turtle (Lair:4)
  2 wraiths (D:13)
  19 flying skulls (D:14)
  45 yaks
  A centaur simulacrum (D:14)
  4 wyverns
  A shadow (D:14)
  3 basilisks
  3 hungry ghosts
  A naga (Snake:1)
  2 vampire mosquitoes (D:14)
  A soldier ant (D:12)
  An acid dragon (D:15)
  31 water moccasins
  5 porcupines
  5 phantoms
  6 sky beasts
  2 ice beasts
  4 black bears
  5 orc warriors
  3 necrophages (D:7)
  9 ogres
  20 wolves
  16 centaurs
  Blork the orc (D:5)
  13 crocodiles
  3 big kobolds (D:8)
  13 bullfrogs
  A wyvern zombie (D:7)
  A wyvern skeleton (D:14)
  3 scorpions
  A troll zombie (D:10)
  15 killer bees
  16 wights
  8 howler monkeys
  An electric eel (Lair:4)
  5 crimson imps
  3 centaur zombies
  2 bullfrog zombies
  9 orc priests
  2 bullfrog skeletons
  11 hounds
  3 jellies
  5 orc wizards
  4 iguanas
  Natasha (D:3)
  11 worker ants
  A killer bee zombie (D:8)
  5 ogre zombies (D:10)
  A hound zombie (D:9)
  Robin (D:2)
  A howler monkey zombie (D:10)
  2 worker ant zombies
  9 adders
  3 shadow imps
  3 worms
  A dart slug (D:5)
  12 leopard geckos
  31 orcs
  7 giant cockroaches
  17 goblins
  5 hobgoblins
  11 jackals
  13 kobolds
  4 quokkas
  2 ball pythons
  3 bats
  3 frilled lizards
  A goblin skeleton (D:10)
  4 goblin zombies (D:10)
  2 hobgoblin zombies (D:10)
  An orc skeleton (D:10)
  11 orc zombies (D:10)
  5 rats
628 creatures vanquished.

Vanquished Creatures (collateral kills)
  4 hydras
  A shock serpent (Snake:1)
  2 black mambas
  A rime drake (Lair:4)
  A hippogriff (Lair:4)
  A water moccasin (Lair:4)
  A crocodile (Lair:4)
  An adder (Lair:4)
  A ball python (Lair:4)
  A fungus (Lair:6)
14 creatures vanquished.

Vanquished Creatures (others)
  An unseen horror (D:13)
  2 cyclopes (D:13)
  A manticore (D:13)
  A kobold demonologist (D:13)
  A wyvern (D:13)
  A yak (D:13)
  An orc warrior (D:13)
  A worker ant (D:13)
  A frilled lizard (D:3)
  14 fungi
  6 plants
30 creatures vanquished.

Grand Total: 672 creatures vanquished

Notes
Turn   | Place    | Note
-------+----------+-------------------------------------------
     0 | D:1      | dstrtnsr the Troll Fighter began the quest for the Orb.
     0 | D:1      | Reached XP level 1. HP: 22/22 MP: 0/0
   149 | D:1      | Reached XP level 2. HP: 29/29 MP: 1/1
   294 | D:1      | Reached skill level 3 in Unarmed Combat
   445 | D:2      | Reached XP level 3. HP: 27/36 MP: 2/2
   507 | D:2      | Reached skill level 4 in Unarmed Combat
   681 | D:2      | Found a burning altar of Makhleb.
   693 | D:2      | Noticed Robin
   729 | D:2      | Reached XP level 4. HP: 44/44 MP: 3/3
   741 | D:2      | Killed Robin
   748 | D:2      | Became a worshipper of Makhleb the Destroyer
  1019 | D:3      | Found a white marble altar of Elyvilon.
  1135 | D:3      | Noticed Natasha
  1139 | D:3      | Reached skill level 5 in Unarmed Combat
  1139 | D:3      | Reached XP level 5. HP: 36/50 MP: 4/4
  1141 | D:3      | Killed Natasha
  1153 | D:3      | HP: 20/50 [orc/hand axe (8)]
  1167 | D:3      | HP: 18/50 [worm (10)]
  1297 | D:4      | Found a stormy altar of Qazlal.
  1339 | D:4      | Reached skill level 6 in Unarmed Combat
  1380 | D:4      | Reached XP level 6. HP: 59/59 MP: 5/5
  1419 | D:4      | Reached * piety under Makhleb
  1493 | D:5      | Entered Level 5 of the Dungeon
  1775 | D:5      | Noticed Blork the orc
  1776 | D:5      | Noticed an ice beast
  1780 | D:5      | Killed an ice beast
  1780 | D:5      | Reached XP level 7. HP: 54/67 MP: 6/6
  1792 | D:5      | Killed Blork the orc
  1792 | D:5      | Reached skill level 7 in Unarmed Combat
  2166 | D:5      | Found an opulent altar of Gozag.
  2238 | D:5      | Found an opulent altar of Gozag.
  2560 | D:6      | Reached XP level 8. HP: 78/78 MP: 7/7
  2565 | D:6      | Found a sacrificial altar of Ru.
  2565 | D:6      | Noticed an oklob plant
  2589 | D:6      | Reached skill level 8 in Unarmed Combat
  2591 | D:6      | Reached ** piety under Makhleb
  3049 | D:7      | Reached skill level 9 in Unarmed Combat
  3061 | D:7      | Reached XP level 9. HP: 87/87 MP: 8/8
  3068 | D:7      | Reached skill level 5 in Fighting
  3068 | D:7      | Reached skill level 5 in Shields
  3237 | D:7      | Found a hide-covered altar of Uskayaw.
  3470 | D:7      | Found a staircase to the Ecumenical Temple.
  3639 | D:8      | Noticed KlownO's ghost (novice GrEE)
  3648 | D:8      | Killed KlownO's ghost
  3648 | D:8      | Reached skill level 10 in Unarmed Combat
  3873 | D:8      | HP: 33/89 [yak (15)]
  3888 | D:8      | Reached skill level 1 in Invocations
  3897 | D:8      | Reached XP level 10. HP: 52/98 MP: 9/9
  3898 | D:8      | Reached skill level 11 in Unarmed Combat
  4097 | D:8      | Reached *** piety under Makhleb
  4468 | D:9      | Found a shadowy altar of Dithmenos.
  4584 | D:9      | Found a flagged portal.
  4916 | D:9      | Noticed a two-headed ogre
  4924 | D:9      | Killed a two-headed ogre
  5018 | D:9      | Noticed a two-headed ogre
  5022 | D:9      | HP: 27/100 [two-headed ogre/giant spiked club (18)]
  5047 | D:9      | Killed a two-headed ogre
  5211 | D:9      | Found a staircase to the Lair.
  5211 | D:9      | Noticed an elephant
  5223 | D:9      | Killed an elephant
  5223 | D:9      | Reached skill level 12 in Unarmed Combat
  5229 | D:9      | Reached XP level 11. HP: 70/107 MP: 13/13
  5429 | D:9      | Found a glowing silver altar of Zin.
  5565 | Lair:1   | Entered Level 1 of the Lair of Beasts
  5674 | Lair:1   | Reached skill level 5 in Invocations
  5899 | Lair:1   | Reached **** piety under Makhleb
  6600 | Lair:2   | Found a labyrinth entrance.
  6722 | Lair:2   | HP: 39/109 [spiny frog (20)]
  7324 | Lair:2   | Reached skill level 13 in Unarmed Combat
  7510 | Lair:2   | Reached XP level 12. HP: 119/119 MP: 16/16
  7935 | Lair:3   | Noticed a four-headed hydra
  7938 | Lair:3   | Noticed nikopol's ghost (journeyman DEFE)
  7955 | Lair:3   | HP: 47/119 [nikopol's ghost/bolt of fire (28)]
  7958 | Lair:3   | Killed a six-headed hydra
  7963 | Lair:3   | HP: 33/119 [nikopol's ghost/puff of frost (11)]
  7969 | Lair:3   | HP: 26/119 [nikopol's ghost/puff of flame (7)]
  8324 | Lair:3   | Killed nikopol's ghost
  9156 | Lair:4   | Found a staircase to the Snake Pit.
  9218 | Lair:4   | Noticed an eight-headed hydra
  9224 | Lair:4   | Noticed a five-headed hydra
  9226 | Lair:4   | HP: 48/120 [ten-headed hydra (7)]
  9227 | Lair:4   | HP: 21/120 [11-headed hydra (12)]
  9238 | Lair:4   | HP: 40/120 [crocodile (7)]
  9238 | Lair:4   | HP: 10/120 [rime drake/flash freeze (30)]
  9240 | Lair:4   | Reached skill level 14 in Unarmed Combat
  9240 | Lair:4   | Reached XP level 13. HP: 42/128 MP: 18/18
 10500 | Lair:4   | Found a staircase to the Shoals.
 11545 | Lair:6   | Entered Level 6 of the Lair of Beasts
 11557 | Lair:6   | Reached skill level 10 in Invocations
 11691 | Lair:6   | Reached XP level 14. HP: 129/140 MP: 20/20
 11933 | Lair:6   | Found a runed door.
 11933 | Lair:6   | Found a viscous altar of Jiyva.
 11933 | Lair:6   | Found a staircase to the Slime Pits.
 11933 | Lair:6   | Noticed an acid blob
 12043 | Lair:6   | Reached skill level 15 in Unarmed Combat
 12265 | Lair:6   | Reached ***** piety under Makhleb
 12317 | Lair:6   | HP: 45/140 [blink frog (18)]
 12326 | Lair:6   | HP: 53/140 [blink frog (10)]
 13194 | D:10     | Entered Level 10 of the Dungeon
 13357 | D:10     | Found a staircase to the Orcish Mines.
 14609 | D:11     | Reached ****** piety under Makhleb
 15820 | D:13     | Found a shimmering altar of Xom.
 15939 | D:13     | Reached skill level 16 in Unarmed Combat
 16204 | D:13     | Reached XP level 15. HP: 112/149 MP: 22/22
 16351 | D:13     | Found a gate to the Vaults.
 16684 | D:14     | Reached skill level 10 in Fighting
 16684 | D:14     | Reached skill level 10 in Shields
 16986 | D:14     | Found the +3 giant club "Skullcrusher" {speed, Str+7}
 17616 | D:15     | Entered Level 15 of the Dungeon
 17823 | D:15     | Found a staircase to the Depths.
 18144 | D:15     | HP: 59/152 [tengu warrior/long sword (4)]
 18404 | Snake:1  | Entered Level 1 of the Snake Pit
 18438 | Snake:1  | HP: 56/152 [naga warrior/dire flail (16)]
 18443 | Snake:1  | HP: 33/152 [black mamba (11)]
 18448 | Snake:1  | HP: 32/228 [mana viper (12)]
 18449 | Snake:1  | HP: 12/228 [naga sharpshooter/uncursed dire flail (4)]
 18452 | Snake:1  | HP: 3/228 [mana viper (7)]
 18453 | Snake:1  | Slain by a naga sharpshooter

Vault maps used:
D:1:      dpeg_arrival_tiny_f, minmay_pentomino_o4
D:2:      overflow_temple_1_default, nrook_mini_vaults, uniq_robin
D:3:      elyvilon_altar_4, grunt_temple_overflow_open, uniq_natasha
D:4:      old_standard_altar, serial_shops, shop
D:5:      nicolae_overflow_hidden_temple, first_ration, hangedman_decor_lopped,
          kennysheep_small_circle, uniq_blork_the_orc
D:6:      lemuel_oklob_altar
D:7:      lemuel_crystal_altar, temple_doors_cd, serial_undead, serial_undead_c,
          serial_undead_d, serial_undead_d, serial_undead_e
D:8:      gammafunk_temple_overflow_elements, kennysheep_mini, hangedman_ranch
D:9:      david_lair_generic, basic_altar, enter_bailey_3,
          serial_co_window_serial, co_window_paths_a, co_window_paths_b,
          co_window_paths_a, co_window_paths_a, co_window_cross_1,
          co_window_corner_b, co_window_paths_c, co_window_broadway_c,
          glass_columns_a, glass_columns_a, glass_columns_b, glass_columns_c,
          glass_columns_b, nicolae_dithmenos_the_darkroom
D:10:     zombieorc1_lemuel, serial_column_ruins, column_ruins_square_small,
          column_ruins_open_large, column_ruins_columns_straight,
          column_ruins_open_tiny, column_ruins_open_tiny
D:11:     minmay_misc_feat_secret_circle
D:13:     david_vaults_1, xom_confusion_cloud
D:14:     minmay_guarded_unrand_skullcrusher
D:15:     grunt_enter_depths_magical_seal, fedhas_altar_1, basic_altar
Lair:1:   enter_volcano_4, infiniplex_staircase_pool, grunt_megastairs_3
Lair:2:   lab_entry_generic
Lair:3:   minmay_lair_oklob_chamber
Lair:4:   minmay_shoals_entry_hut, minmay_snake_entry_six_corridors,
          grunt_megastairs_4
Lair:5:   lemuel_fruit_fields, grunt_megastairs_2
Lair:6:   grunt_lair_end_beastmaster, slime_altar_2, serial_bayou_shore_a
Snake:1:  portal_ice_cave_entry_pillars_1

Skill      XL: |  1  2  3  4  5  6  7  8  9 10 11 12 13 14 15 |
---------------+----------------------------------------------+-----
Unarmed Combat | 3 4 5 6 7 9 10 12 13 14 16 | 16.9
Fighting       | 3 4 6 7 8 9 10 | 10.5
Shields        | 3 4 6 7 8 9 10 | 10.4
Invocations    | 1 4 7 9 10 11 12 | 12.8
Dodging        | |  2.4

Action                   |  1- 3 |  4- 6 |  7- 9 | 10-12 | 13-15 || total
-------------------------+-------+-------+-------+-------+-------++-------
Melee: Unarmed           |    97 |   139 |   229 |   551 |  1294 ||  2310
Throw: Throwing net      |     1 |       |       |       |       ||     1
Invok: Lesser Servant of |       |       |       |     4 |    12 ||    16
       Greater Servant o |       |       |       |       |     3 ||     3
  Use: Scroll            |       |     8 |     1 |    15 |     8 ||    32
       Potion            |       |       |     3 |     3 |     5 ||    11
 Stab: Petrified         |       |       |       |       |     6 ||     6
       Distracted        |       |       |       |       |     1 ||     1
       Sleeping          |       |       |       |       |     1 ||     1
  Eat: Chunk             |    10 |    12 |    25 |    47 |    86 ||   180
Armor: Robe              |    37 |    46 |    35 |    71 |    42 ||   231
       Skin              |       |       |     6 |       |       ||     6
       Troll leather arm |       |       |       |       |    55 ||    55
Dodge: Dodged            |    22 |    49 |    57 |    86 |   180 ||   394
Block: Shield            |    39 |    39 |       |       |       ||    78
       Large shield      |       |    46 |   184 |   458 |  1093 ||  1781

Table legend:
 A = Spawn XP
 B = Non-spawn XP
 C = Spawn XP percentage of total XP
 D = Spawn monster count
 E = Non-spawn monster count
 F = Spawn count percentage of total count
 G = Total turns spent on level
                    A         B        C        D         E        F      G
               +---------+---------+-------+---------+---------+-------+---------
         Total |       0 |  119633 |   0.0 |       0 |     641 |   0.0 | 18453
               +---------+---------+-------+---------+---------+-------+---------
           D:1 |       0 |      31 |   0.0 |       0 |      18 |   0.0 |   343
           D:2 |       0 |      90 |   0.0 |       0 |      27 |   0.0 |   453
           D:3 |       0 |     126 |   0.0 |       0 |      18 |   0.0 |   497
           D:4 |       0 |     216 |   0.0 |       0 |      12 |   0.0 |   200
           D:5 |       0 |     775 |   0.0 |       0 |      27 |   0.0 |   848
           D:6 |       0 |     896 |   0.0 |       0 |      16 |   0.0 |   686
           D:7 |       0 |    1411 |   0.0 |       0 |      20 |   0.0 |   612
           D:8 |       0 |    3067 |   0.0 |       0 |      30 |   0.0 |   719
           D:9 |       0 |    5312 |   0.0 |       0 |      43 |   0.0 |  1254
          D:10 |       0 |    5397 |   0.0 |       0 |      71 |   0.0 |  1039
          D:11 |       0 |    5910 |   0.0 |       0 |      21 |   0.0 |   823
          D:12 |       0 |    2976 |   0.0 |       0 |      21 |   0.0 |   773
          D:13 |       0 |   11473 |   0.0 |       0 |      38 |   0.0 |   930
          D:14 |       0 |   15110 |   0.0 |       0 |      53 |   0.0 |   960
          D:15 |       0 |   17565 |   0.0 |       0 |      37 |   0.0 |   572
        Lair:1 |       0 |    4022 |   0.0 |       0 |      20 |   0.0 |  1066
        Lair:2 |       0 |    6458 |   0.0 |       0 |      31 |   0.0 |  1681
        Lair:3 |       0 |    3718 |   0.0 |       0 |      15 |   0.0 |   660
        Lair:4 |       0 |    9561 |   0.0 |       0 |      42 |   0.0 |  1710
        Lair:5 |       0 |    5730 |   0.0 |       0 |      26 |   0.0 |  1028
        Lair:6 |       0 |   16615 |   0.0 |       0 |      48 |   0.0 |  1550
       Snake:1 |       0 |    3174 |   0.0 |       0 |       7 |   0.0 |    49
               +---------+---------+-------+---------+---------+-------+---------
